General information
- name: BNet
- type: Ladder team game (AT/RT)
- host: Battle.net
- saver: Birdeneering
map: Monsoon
- players: 6
- length: 35:33
- speed: Fast
- version: 1.26 W3XP
- replay type:

» download(334 KB)
Players
team 1 (loser)

»
EinheitC (
red | 62 APM | 2180 actions | 35:23)
4 Priestess of the Moon
2 Trueshot Aura
2 Scout
» actions
| Assign group hotkey | 21 | |
| Basic commands | 19 | |
| Build / train | 72 | |
| ESC pressed | 11 | |
| Enter build submenu | 20 | |
| Enter hero's abilities submenu | 4 | |
| Give item / drop item | 1 | |
| Right click | 1365 | |
| Select / deselect | 367 | |
| Select group hotkey | 169 | |
| Use ability | 131 | |
2180 total
» units
» upgrades
| Reinforced Hides | 3 | |
| Corrosive Breath | 1 | |
| Strength of the Wild | 1 | |
5 total
» buildings
| Altar of Elders | 1 | |
| Moon Well | 8 | |
| Hunter's Hall | 2 | |
| Ancient of War | 2 | |
| Tree of Life | 1 | |
| Tree of Ages | 1 | |
| Tree of Eternity | 2 | |
| Ancient of Wind | 1 | |
| Chimaera Roost | 3 | |
21 total
» build order
00:08 Altar of Elders
00:18 Moon Well
01:58 Hunter's Hall
02:03 Hunter's Hall
02:07 Ancient of War
02:38 Ancient of War
02:41 Moon Well
14:58 Tree of Life
19:00 Tree of Ages
19:57 Moon Well
21:33 Tree of Eternity
21:35 Ancient of Wind
22:28 Moon Well
22:32 Moon Well
23:29 Moon Well
24:01 Chimaera Roost
24:02 Chimaera Roost
24:04 Chimaera Roost
24:32 Moon Well
25:06 Moon Well
» items
| Boots of Speed | 1 | |
| Staff of Teleportation | 1 | |
| Potion of Lesser Invulnerability | 5 | |
| Scroll of Healing | 4 | |
| Scroll of Protection | 1 | |
12 total
spainrulez (
pink | 142 APM | 5040 actions | 35:24)
5 Death Knight
3 Death Coil
2 Unholy Aura
5 Lich
3 Frost Nova
2 Frost Armor
3 Dark Ranger
2 Silence
1 Life Drain
» actions
| Assign group hotkey | 54 | |
| Basic commands | 200 | |
| Build / train | 105 | |
| Enter build submenu | 18 | |
| Enter hero's abilities submenu | 13 | |
| Give item / drop item | 10 | |
| Remove unit from queue | 5 | |
| Right click | 1790 | |
| Select / deselect | 958 | |
| Select group hotkey | 1725 | |
| Use ability | 162 | |
5040 total
» units
| Acolyte | 10 | |
| Ghoul | 3 | |
| Crypt Fiend | 8 | |
| Frost Wyrm | 19 | |
40 total
» upgrades
| Creature Attack | 3 | |
| Creature Carapace | 3 | |
| Burrow | 1 | |
| Web | 1 | |
| Freezing Breath | 1 | |
9 total
» buildings
| Graveyard | 1 | |
| Crypt | 1 | |
| Altar of Darkness | 1 | |
| Ziggurat | 9 | |
| Tomb of Relics | 1 | |
| Halls of the Dead | 2 | |
| Black Citadel | 1 | |
| Sacrificial Pit | 1 | |
| Slaughterhouse | 1 | |
| Boneyard | 3 | |
| Spirit Tower | 8 | |
| Nerubian Tower | 1 | |
| Necropolis | 1 | |
31 total
» build order
00:09 Graveyard
00:13 Crypt
00:24 Altar of Darkness
00:39 Ziggurat
00:56 Tomb of Relics
02:03 Ziggurat
03:52 Halls of the Dead
04:04 Ziggurat
04:20 Ziggurat
05:53 Ziggurat
06:17 Black Citadel
06:20 Sacrificial Pit
06:29 Slaughterhouse
09:13 Boneyard
09:15 Boneyard
09:15 Boneyard
09:17 Ziggurat
09:18 Ziggurat
09:18 Ziggurat
11:17 Ziggurat
12:14 Spirit Tower
12:16 Spirit Tower
12:27 Spirit Tower
12:31 Spirit Tower
13:18 Spirit Tower
13:45 Spirit Tower
13:47 Spirit Tower
13:59 Spirit Tower
14:02 Nerubian Tower
26:04 Necropolis
» items
| Rod of Necromancy | 3 | |
| Dust of Appearance | 3 | |
| Sacrificial Skull | 1 | |
| Potion of Healing | 2 | |
| Potion of Mana | 4 | |
| Potion of Lesser Invulnerability | 4 | |
| Scroll of Healing | 2 | |
| Orb of Corruption | 2 | |
21 total
tS.LyCan (
yellow | 147 APM | 5209 actions | 35:32)
5 Paladin
2 Holy Light
3 Devotion Aura
» actions
| Assign group hotkey | 45 | |
| Basic commands | 42 | |
| Build / train | 102 | |
| ESC pressed | 2 | |
| Enter build submenu | 42 | |
| Enter hero's abilities submenu | 5 | |
| Give item / drop item | 1 | |
| Remove unit from queue | 2 | |
| Right click | 2149 | |
| Select / deselect | 904 | |
| Select group hotkey | 1773 | |
| Use ability | 141 | |
5209 total
» units
| Peasant | 21 | |
| Footman | 4 | |
| Rifleman | 8 | |
| Mortar Team | 9 | |
| Siege Engine | 18 | |
60 total
» upgrades
| Gunpowder | 3 | |
| Armor | 3 | |
| Lumber Harvesting | 2 | |
| Masonry | 2 | |
| Fragmentation Shards | 1 | |
| Flare | 1 | |
| Barrage | 1 | |
| Plating | 3 | |
16 total
» buildings
| Altar of Kings | 1 | |
| Farm | 12 | |
| Barracks | 2 | |
| Blacksmith | 1 | |
| Lumber Mill | 2 | |
| Town Hall | 3 | |
| Keep | 1 | |
| Arcane Vault | 2 | |
| Scout Tower | 14 | |
| Workshop | 6 | |
| Guard Tower | 9 | |
| Castle | 2 | |
55 total
» build order
00:07 Altar of Kings
00:19 Farm
00:35 Barracks
00:49 Farm
02:17 Blacksmith
03:04 Barracks
03:39 Farm
04:33 Farm
04:52 Farm
05:47 Lumber Mill
06:30 Farm
06:35 Town Hall
07:32 Keep
08:55 Arcane Vault
09:12 Arcane Vault
09:16 Farm
09:19 Farm
09:53 Scout Tower
09:58 Scout Tower
10:01 Scout Tower
10:03 Scout Tower
10:05 Scout Tower
10:10 Scout Tower
10:11 Scout Tower
10:13 Scout Tower
10:17 Scout Tower
10:18 Scout Tower
10:20 Scout Tower
10:25 Scout Tower
10:28 Scout Tower
10:29 Scout Tower
10:32 Workshop
10:35 Workshop
10:43 Guard Tower
11:16 Guard Tower
11:17 Guard Tower
11:17 Guard Tower
11:29 Castle
11:30 Castle
11:31 Guard Tower
11:41 Guard Tower
11:53 Guard Tower
12:31 Lumber Mill
13:26 Farm
13:33 Farm
14:15 Farm
19:59 Workshop
20:01 Workshop
23:32 Town Hall
24:46 Town Hall
25:21 Workshop
30:31 Farm
32:20 Workshop
» items
| Lesser Clarity Potion | 1 | |
| Scroll of Regeneration | 1 | |
| Potion of Lesser Invulnerability | 1 | |
| Scroll of Healing | 1 | |
4 total
team 2 (winner)
BetUWishUNoSrch (
purple | 101 APM | 3598 actions | 35:33)
8 Warden
3 Shadow Strike
3 Blink
2 Fan of Knives
» actions
| Assign group hotkey | 15 | |
| Basic commands | 28 | |
| Build / train | 86 | |
| ESC pressed | 1 | |
| Enter build submenu | 23 | |
| Enter hero's abilities submenu | 8 | |
| Give item / drop item | 12 | |
| Right click | 2523 | |
| Select / deselect | 229 | |
| Select group hotkey | 460 | |
| Use ability | 210 | |
3598 total
» units
» upgrades
| Ultravision | 1 | |
| Nature's Blessing | 1 | |
| Well Spring | 1 | |
| Strength of the Wild | 3 | |
| Reinforced Hides | 3 | |
| Corrosive Breath | 1 | |
| Druid of the Talon Training | 1 | |
11 total
» buildings
| Altar of Elders | 2 | |
| Moon Well | 14 | |
| Tree of Ages | 3 | |
| Hunter's Hall | 1 | |
| Tree of Life | 1 | |
| Tree of Eternity | 1 | |
| Ancient of Wonders | 1 | |
| Ancient of Wind | 2 | |
| Chimaera Roost | 2 | |
27 total
» build order
00:05 Altar of Elders
00:09 Moon Well
00:52 Moon Well
04:55 Tree of Ages
04:56 Tree of Ages
04:56 Tree of Ages
05:51 Hunter's Hall
07:18 Tree of Life
07:54 Tree of Eternity
09:02 Ancient of Wonders
10:37 Ancient of Wind
10:40 Moon Well
10:40 Moon Well
10:41 Moon Well
10:46 Moon Well
10:46 Moon Well
14:50 Ancient of Wind
14:52 Chimaera Roost
15:42 Moon Well
15:43 Moon Well
16:39 Chimaera Roost
18:43 Altar of Elders
18:46 Moon Well
18:46 Moon Well
21:54 Moon Well
24:13 Moon Well
24:14 Moon Well
» items
| Staff of Teleportation | 1 | |
| Boots of Speed | 1 | |
| Healing Salve | 3 | |
| Lesser Clarity Potion | 7 | |
| Potion of Invisibility | 1 | |
| Orb of Venom | 1 | |
| Potion of Healing | 1 | |
15 total
Birdeneering (
blue | 135 APM | 4806 actions | 35:33)
5 Archmage
3 Blizzard
2 Brilliance Aura
5 Blood Mage
3 Flame Strike
2 Siphon Mana
4 Mountain King
2 Storm Bolt
2 Bash
» actions
| Assign group hotkey | 470 | |
| Basic commands | 10 | |
| Build / train | 171 | |
| Enter build submenu | 138 | |
| Enter hero's abilities submenu | 14 | |
| Give item / drop item | 4 | |
| Right click | 2292 | |
| Select / deselect | 431 | |
| Select group hotkey | 877 | |
| Use ability | 399 | |
4806 total
» units
» upgrades
| Masonry | 3 | |
| Lumber Harvesting | 2 | |
| Magic Sentry | 1 | |
6 total
» buildings
| Altar of Kings | 1 | |
| Lumber Mill | 1 | |
| Farm | 4 | |
| Scout Tower | 155 | |
| Arcane Tower | 15 | |
| Guard Tower | 72 | |
| Keep | 1 | |
| Arcane Vault | 6 | |
| Castle | 1 | |
| Arcane Sanctum | 1 | |
| Town Hall | 1 | |
258 total
» build order
00:04 Altar of Kings
00:19 Lumber Mill
00:33 Farm
00:51 Farm
01:29 Scout Tower
01:43 Scout Tower
01:49 Farm
02:25 Arcane Tower
02:26 Scout Tower
02:31 Scout Tower
02:32 Arcane Tower
03:00 Arcane Tower
03:01 Scout Tower
03:08 Guard Tower
03:10 Scout Tower
03:38 Scout Tower
03:39 Scout Tower
03:40 Guard Tower
03:43 Scout Tower
03:48 Scout Tower
03:49 Guard Tower
04:09 Scout Tower
04:10 Guard Tower
04:32 Keep
05:14 Guard Tower
05:18 Scout Tower
05:23 Guard Tower
05:25 Scout Tower
05:26 Scout Tower
05:35 Scout Tower
05:49 Guard Tower
05:52 Scout Tower
05:55 Arcane Tower
06:22 Guard Tower
06:24 Scout Tower
06:26 Scout Tower
06:27 Arcane Tower
06:27 Guard Tower
06:34 Farm
07:15 Scout Tower
07:16 Guard Tower
07:19 Scout Tower
07:20 Arcane Vault
07:22 Scout Tower
07:23 Guard Tower
07:39 Castle
07:46 Guard Tower
07:51 Scout Tower
07:52 Scout Tower
07:56 Scout Tower
07:56 Guard Tower
08:10 Arcane Tower
08:11 Arcane Tower
08:51 Scout Tower
08:51 Scout Tower
08:52 Guard Tower
09:01 Scout Tower
09:07 Scout Tower
09:07 Scout Tower
09:08 Scout Tower
09:17 Arcane Sanctum
09:25 Scout Tower
09:26 Guard Tower
09:41 Scout Tower
09:41 Guard Tower
09:55 Guard Tower
09:57 Scout Tower
10:13 Scout Tower
10:13 Guard Tower
10:33 Scout Tower
10:34 Scout Tower
11:31 Guard Tower
11:35 Town Hall
12:00 Scout Tower
12:00 Scout Tower
12:02 Scout Tower
12:02 Scout Tower
12:04 Scout Tower
12:05 Guard Tower
12:07 Guard Tower
12:08 Scout Tower
12:09 Scout Tower
12:57 Scout Tower
12:59 Guard Tower
14:04 Scout Tower
14:04 Guard Tower
14:22 Guard Tower
14:27 Scout Tower
14:28 Arcane Tower
14:36 Scout Tower
14:36 Guard Tower
15:03 Guard Tower
15:05 Scout Tower
15:05 Scout Tower
15:22 Scout Tower
15:22 Scout Tower
15:24 Scout Tower
15:25 Scout Tower
16:17 Guard Tower
16:18 Guard Tower
16:18 Guard Tower
16:29 Guard Tower
16:57 Guard Tower
16:58 Scout Tower
16:59 Scout Tower
17:04 Guard Tower
17:07 Scout Tower
17:07 Scout Tower
17:20 Guard Tower
17:45 Scout Tower
17:47 Guard Tower
18:28 Guard Tower
18:44 Guard Tower
18:50 Guard Tower
19:09 Arcane Vault
19:10 Arcane Vault
19:14 Scout Tower
19:17 Scout Tower
19:17 Scout Tower
19:22 Scout Tower
19:25 Scout Tower
19:26 Scout Tower
19:50 Guard Tower
19:52 Guard Tower
19:58 Arcane Tower
20:02 Scout Tower
20:05 Scout Tower
20:06 Scout Tower
20:08 Scout Tower
20:15 Scout Tower
20:15 Scout Tower
20:43 Guard Tower
20:45 Guard Tower
20:48 Scout Tower
20:49 Scout Tower
21:28 Scout Tower
21:42 Scout Tower
21:43 Scout Tower
21:44 Scout Tower
21:44 Scout Tower
21:47 Scout Tower
21:49 Scout Tower
21:49 Scout Tower
21:59 Guard Tower
22:04 Scout Tower
22:05 Scout Tower
22:36 Guard Tower
22:49 Arcane Tower
23:26 Guard Tower
23:28 Scout Tower
23:28 Scout Tower
23:35 Scout Tower
23:35 Scout Tower
23:36 Guard Tower
23:38 Guard Tower
23:40 Scout Tower
23:42 Scout Tower
23:45 Arcane Vault
23:48 Scout Tower
23:50 Scout Tower
24:02 Guard Tower
24:04 Arcane Vault
24:05 Scout Tower
24:06 Scout Tower
24:08 Scout Tower
24:08 Scout Tower
24:11 Scout Tower
24:11 Scout Tower
24:12 Scout Tower
24:39 Guard Tower
24:46 Scout Tower
24:47 Scout Tower
24:47 Scout Tower
24:49 Scout Tower
24:49 Scout Tower
24:50 Scout Tower
24:52 Guard Tower
24:59 Scout Tower
25:00 Scout Tower
25:11 Scout Tower
25:12 Guard Tower
25:40 Guard Tower
25:47 Guard Tower
25:48 Scout Tower
25:53 Arcane Tower
25:53 Arcane Tower
25:55 Arcane Vault
25:56 Scout Tower
25:57 Scout Tower
26:01 Arcane Tower
26:06 Scout Tower
26:07 Scout Tower
26:09 Scout Tower
26:09 Scout Tower
26:10 Guard Tower
26:16 Scout Tower
26:17 Scout Tower
26:18 Arcane Tower
26:19 Guard Tower
26:22 Guard Tower
26:23 Scout Tower
26:23 Scout Tower
26:51 Scout Tower
26:51 Scout Tower
26:52 Scout Tower
26:53 Scout Tower
26:53 Scout Tower
26:54 Scout Tower
27:11 Scout Tower
27:12 Scout Tower
27:12 Guard Tower
27:17 Guard Tower
27:18 Scout Tower
27:19 Scout Tower
27:28 Scout Tower
27:29 Scout Tower
27:30 Scout Tower
27:31 Scout Tower
27:32 Scout Tower
27:33 Guard Tower
28:11 Guard Tower
28:14 Guard Tower
28:19 Scout Tower
28:21 Scout Tower
28:23 Guard Tower
28:31 Guard Tower
28:34 Scout Tower
28:46 Guard Tower
28:53 Scout Tower
28:54 Scout Tower
28:54 Guard Tower
32:01 Scout Tower
32:03 Guard Tower
32:04 Guard Tower
32:07 Scout Tower
32:14 Scout Tower
32:15 Scout Tower
32:16 Scout Tower
32:16 Scout Tower
32:29 Guard Tower
33:08 Guard Tower
33:23 Scout Tower
33:25 Scout Tower
33:27 Scout Tower
33:28 Scout Tower
33:29 Scout Tower
33:31 Guard Tower
33:50 Guard Tower
33:53 Scout Tower
33:55 Scout Tower
33:56 Scout Tower
33:56 Scout Tower
33:57 Scout Tower
33:58 Scout Tower
33:58 Scout Tower
34:13 Guard Tower
» items
| Healing Salve | 5 | |
| Boots of Speed | 3 | |
| Staff of Teleportation | 3 | |
| Scroll of Town Portal | 7 | |
| Orb of Lightning | 3 | |
| Potion of Mana | 1 | |
| Lesser Clarity Potion | 3 | |
| Potion of Healing | 2 | |
| Staff of Sanctuary | 3 | |
30 total
Sjorgismar (
green | 117 APM | 4160 actions | 35:33)
8 Blademaster
3 Wind Walk
2 Critical Strike
1 Bladestorm
2 Mirror Image
» actions
| Assign group hotkey | 308 | |
| Basic commands | 6 | |
| Build / train | 90 | |
| ESC pressed | 1 | |
| Enter build submenu | 72 | |
| Enter hero's abilities submenu | 8 | |
| Give item / drop item | 11 | |
| Remove unit from queue | 2 | |
| Right click | 2353 | |
| Select / deselect | 384 | |
| Select group hotkey | 486 | |
| Use ability | 430 | |
4160 total
» units
» upgrades
| Spiked Barricades | 1 | |
| Ranged Weapons | 3 | |
| Liquid Fire | 1 | |
| Armor | 2 | |
7 total
» buildings
| Altar of Storms | 1 | |
| Orc Burrow | 3 | |
| War Mill | 1 | |
| Watch Tower | 49 | |
| Voodoo Lounge | 3 | |
| Stronghold | 2 | |
| Fortress | 2 | |
| Beastiary | 6 | |
| Great Hall | 2 | |
69 total
» build order
00:02 Altar of Storms
00:04 Orc Burrow
00:27 War Mill
01:39 Watch Tower
02:14 Orc Burrow
02:19 Watch Tower
02:22 Watch Tower
02:29 Voodoo Lounge
03:00 Watch Tower
03:26 Watch Tower
03:42 Voodoo Lounge
03:45 Voodoo Lounge
03:58 Watch Tower
04:12 Watch Tower
04:37 Watch Tower
05:02 Stronghold
05:03 Stronghold
05:14 Watch Tower
05:29 Watch Tower
06:23 Watch Tower
06:27 Watch Tower
07:29 Watch Tower
07:37 Watch Tower
07:40 Fortress
07:40 Fortress
08:36 Watch Tower
09:06 Watch Tower
09:16 Beastiary
09:16 Beastiary
09:19 Orc Burrow
09:42 Watch Tower
09:48 Watch Tower
10:48 Watch Tower
10:50 Watch Tower
10:55 Great Hall
11:59 Watch Tower
12:01 Watch Tower
13:08 Watch Tower
13:09 Watch Tower
13:11 Watch Tower
14:11 Watch Tower
14:14 Watch Tower
14:15 Watch Tower
14:18 Beastiary
14:21 Watch Tower
14:22 Watch Tower
14:31 Watch Tower
14:32 Watch Tower
14:33 Watch Tower
18:32 Watch Tower
18:33 Watch Tower
18:34 Watch Tower
18:34 Watch Tower
18:36 Watch Tower
18:38 Watch Tower
18:38 Watch Tower
18:39 Watch Tower
21:34 Great Hall
21:44 Watch Tower
21:44 Watch Tower
21:46 Watch Tower
22:53 Watch Tower
22:54 Watch Tower
24:17 Watch Tower
24:17 Watch Tower
24:18 Watch Tower
27:14 Beastiary
27:15 Beastiary
27:21 Beastiary
» items
| Staff of Teleportation | 1 | |
| Healing Salve | 4 | |
| Lesser Clarity Potion | 4 | |
| Boots of Speed | 1 | |
| Orb of Lightning | 1 | |
| Potion of Healing | 4 | |
| Potion of Mana | 1 | |
| Scroll of Town Portal | 1 | |
17 total
Chat log
(01:19 / All) Birdeneering: hi everyone
(01:22 / All) EinheitC: hi
(01:27 / All) BetUWishUNoSrch: hello 1 sec please? gotta puase
(01:29 / All) spainrulez: hi ggl hf
(01:34 / All) BetUWishUNoSrch: pls...my pizza here
(01:34 / All) tS.LyCan: y ofc
(01:36 / All) spainrulez: sure
(01:36 / All) BetUWishUNoSrch: just let me pause
(01:37 / All) EinheitC: ofc
(01:38 / All) BetUWishUNoSrch: for one second
(01:39 / All) spainrulez: be fast pls
(01:40 / All) BetUWishUNoSrch: plz
(01:41 / All) tS.LyCan: kk
(01:43 / All) spainrulez: go pause
(01:44 / All) BetUWishUNoSrch: i brb ok?
(01:47 / All) tS.LyCan: k
(01:47 / All) EinheitC: yy
(01:49 / All) BetUWishUNoSrch: just pause 1 second?
(01:52 / All) BetUWishUNoSrch: i brb ok?
(01:54 / All) BetUWishUNoSrch: just keep pause for 20 sec o rso
(01:55 / All) BetUWishUNoSrch: hold on
(01:56 / All) BetUWishUNoSrch: please
(01:58 / All) Sjorgismar: wtf now my pizza's here
(01:59 / All) BetUWishUNoSrch: ok i brb......
(02:01 / All) BetUWishUNoSrch: hey
(02:01 / All) Sjorgismar: i thought this game would be over by now
(02:02 / All) BetUWishUNoSrch: come on
(02:03 / All) BetUWishUNoSrch: 1 sec
(02:12 / All) BetUWishUNoSrch: come on let m e pause hes still waiting
(02:13 / All) BetUWishUNoSrch: pls
(02:18 / All) BetUWishUNoSrch: 1 sec
(02:21 / All) spainrulez: fuck off nerd
(02:22 / All) BetUWishUNoSrch: brb no unapuse
(02:22 / All) EinheitC: bro
(02:23 / All) BetUWishUNoSrch: come on
(02:27 / All) BetUWishUNoSrch: me serious
(07:45 / All) EinheitC: shes movin like
(07:51 / All) EinheitC: oh oh oh oh oooh oooh oh
(12:15 / All) EinheitC: SHES MOVIN LIKE
(22:38 / All) BetUWishUNoSrch: 1 sec
(22:40 / All) BetUWishUNoSrch: the pziza
(22:42 / All) BetUWishUNoSrch: ghe stil;l there
(22:43 / All) Birdeneering: The game just turned
(22:46 / All) Birdeneering: can you feel it?
(24:25 / All) Birdeneering: hmmm, why are you still in the game?
(24:28 / All) Birdeneering: it's over thanxx
(26:25 / All) BetUWishUNoSrch: lol tanks
(26:55 / All) Sjorgismar: that is many tank yes ^^
(27:03 / All) tS.LyCan: fy
(30:13 / All) Birdeneering: LEAVE
(30:15 / All) BetUWishUNoSrch: cya
(32:05 / All) tS.LyCan: lol
(32:51 / All) Sjorgismar: you came just in time Lord Dethstorm
(32:52 / All) Sjorgismar: pause... NOT
(33:39 / All) Birdeneering: hmm bad plan red :/
(34:44 / All) Birdeneering: you might think tanks are good at this
(34:46 / All) Birdeneering: they're not
(35:06 / All) Sjorgismar: you might think YOU'RE good at this (war3) you're not
(35:30 / All) tS.LyCan: fuck hzsos